Unix NetHack Version 5.0.0-0 post-release - last build May 17 2026 04:57:42 (dc50c8380fa5e20985bfe3072449f57b8d9895ef,branch:main).

Game began 2026-05-21 21:22:13, ended 2026-05-21 21:31:48.

CyberFan, lawful male human Knight

     ----------                ------------
     |...>....-################|...........#                       ----------
    #.........|      #        #-........F.|#          .....      # |........|
    #|........-#    ------    #|..........|#         .......  #####.........|
    #|........|#    |....|   ##|...........###       .......  #  # |........|
    #|........|#    |(....#####------------# ##   #  .......  #  ##.........|
    #----------#    |.{.{|    #####################   -|---   #    |........|
    ###        #    ---|--                  #  ###############0    |........|
      #        #   #####                               #           ----------
      #     ####   #   #                               #
      #     #------|---------                          #
      #     #|.............<|                          #
      ##    #.....{.........|                          #
 ------#     |..............|                          #
 |[..[|#     |..............|                     -----.-
 |[[.@u[     ----------------                    #|.....|
 |[..[|                                           -.....|
 ------                                           -------

CyberFan the Esquire     St:16 Dx:9 Co:10 In:8 Wi:15 Ch:17  Lawful
Dlvl:3  $:0  HP:0(28) Pw:20(20) AC:3  Xp:3/58 T:1182 

Latest messages:
 The saddled pony picks up a leather armor.
 You see here a studded leather armor (for sale, 19 zorkmids).
 #
 Where do you want to jump?
 (For instructions type a '?')
 You cannot see where to land!
 #
 Where do you want to jump?
 (For instructions type a '?')
 You hit the door frame!
 Ouch!
 You see here a pair of high boots (for sale, 9 zorkmids).
 The saddled pony drops a leather armor.
 #
 You begin praying to Lugh.
 You are surrounded by a shimmering light.
 The saddled pony picks up a leather armor.
 The saddled pony drops a leather armor.
 You finish your prayer.
 You feel that Lugh is well-pleased.
 What do you want to remove? [*]
 You can't.  It is cursed.
 You see here a pair of high boots (for sale, 9 zorkmids).
 The saddled pony picks up a leather armor.
 You see here a pair of high boots (for sale, 9 zorkmids).
 What do you want to read? [ps or ?*]
 You read the scroll.
 The scroll erupts in a tower of flame!
 Boom!
 Pervari gets angry!
 Pervari is caught in the tower of flame!
 Pervari's brilliant blue potion boils and explodes!
 Pervari resists the tower of flame!
 Your gloves smoulder!
 Pervari zaps a hexagonal wand!
 The wand misses you.
 Pervari zaps a hexagonal wand!
 Pervari zaps a hexagonal wand!
 You see here a banded mail (for sale, 91 zorkmids).
 The saddled pony drops a leather armor.
 Pervari zaps a hexagonal wand!
 You see here a chain mail (for sale, 75 zorkmids).
 The saddled pony picks up a leather armor.
 Pervari zaps a hexagonal wand!
 The wand hits you!
 Pervari zaps a wand of striking!
 Pervari hits!
 Pervari hits again!
 You die...
 Pervari takes all your possessions.

Inventory:
 Weapons  (')')
  a - an uncursed +1 long sword (weapon in right hand)
 Armor    ('[')
  d - an uncursed +0 helmet (being worn)
  f - an uncursed burnt +0 pair of leather gloves (being worn)
  v - an uncursed +0 pair of elven boots (being worn)
  e - an uncursed +0 small shield (being worn)
  w - a cursed -1 cloak of invisibility (being worn)
  c - an uncursed +1 ring mail (being worn)
 Comestibles  ('%')
  h - 11 uncursed carrots
  m - an uncursed fortune cookie
  q - 2 uncursed lembas wafers
  r - an uncursed tin of pickled newt meat
  i - 2 uncursed lichen corpses
 Scrolls  ('?')
  p - a cursed scroll of earth
 Potions  ('!')
  k - a cursed potion of restore ability
  t - a cursed potion of sleeping
  o - an uncursed potion of water
 Tools    ('(')
  l - an uncursed stethoscope
 Gems/Stones  ('*')
  j - 2 uncursed topaz stones

CyberFan the Knight's attributes:

Background:
 You were an Esquire, a level 3 male human Knight.
 You were lawful, on a mission for Lugh
 who was opposed by Brigit (neutral) and Manannan Mac Lir (chaotic).
 You were right-handed.
 You were in the Dungeons of Doom, on level 3.
 You entered the dungeon 1182 turns ago.
 You had 58 experience points, 22 more were needed to attain level 4.

Basics:
 You had 0 out of 28 hit points.
 You had all 20 energy points (spell power).
 Your armor class was 3.
 Your wallet was empty.
 Autopickup was on, but temporarily disabled while inside the shop.

Final Characteristics:
 Your strength was 16 (limit:18/100).
 Your dexterity was 9 (limit:18).
 Your constitution was 10 (limit:18).
 Your intelligence was 8 (limit:18).
 Your wisdom was 15 (limit:18).
 Your charisma was 17 (limit:18).

Final Status:
 You weren't hungry.
 You were unencumbered.
 You were wielding a long sword.
 You had basic skill with long sword.

Final Attributes:
 You were devoutly aligned.
 You were invisible.
 You were stealthy.
 You could jump.
 You were warded.
 You are dead.

Miscellaneous:
 You disabled loading and storing of bones levels.
 Total elapsed playing time was 9 minutes and 34 seconds.

Major events:
 Turn
    1: CyberFan the lawful male human Knight entered the dungeon
  624: entered the Gnomish Mines
  875: attained the rank of Esquire (level 3)
 1182: killed by Ms. Pervari; the shopkeeper

You didn't know any spells.

Skills:
 Fighting Skills
   bare handed combat [Unskilled]
   two weapon combat  [Unskilled]
   riding             [Basic]
 Weapon Skills
   dagger             [Unskilled]
   knife              [Unskilled]
   axe                [Unskilled]
   pick-axe           [Unskilled]
   short sword        [Unskilled]
   broadsword         [Unskilled]
   long sword         [Basic]
   two-handed sword   [Unskilled]
   saber              [Unskilled]
   club               [Unskilled]
   mace               [Unskilled]
   morning star       [Unskilled]
   flail              [Unskilled]
   hammer             [Unskilled]
   polearms           [Unskilled]
   spear              [Unskilled]
   trident            [Unskilled]
   lance              [Basic]
   bow                [Unskilled]
   crossbow           [Unskilled]
 Spellcasting Skills
   attack spells      [Unskilled]
   healing spells     [Unskilled]
   clerical spells    [Unskilled]

Voluntary challenges:
 Character rerolling was not enabled.
 You never genocided any monsters.
 You never polymorphed an object.
 You never changed form.
 You used no wishes.
Achievements:
 You entered the Gnomish Mines.
 You attained the rank of Esquire.
 You entered a shop.

 The Dungeons of Doom: levels 1 to 4
    Level 1:
       A fountain.
    Level 2:
       A fountain.
       Stairs down to The Gnomish Mines.
    Level 3: <- You were here.
       An armor shop, some fountains, a sink.
       Final resting place for
          you, killed by Ms. Pervari; the shopkeeper.
    Level 4:
 The Gnomish Mines:
    Level 3:


Vanquished creatures:
  a fog cloud
  3 giant rats
  a cave spider
  a jackal
  a kobold
  a goblin
  3 grid bugs
  2 bats
  5 lichens
  2 newts
20 creatures vanquished.

No species were genocided or became extinct.

Game over:
                       ----------
                      /          \
                     /    REST    \
                    /      IN      \
                   /     PEACE      \
                  /                  \
                  |     CyberFan     |
                  |       0 Au       |
                  |  killed by Ms.   |
                  |   Pervari; the   |
                  |    shopkeeper    |
                  |                  |
                  |       2026       |
                 *|     *  *  *      | *
        _________)/\\_//(\/(/\)/\//\/|_)_______

Fare thee well CyberFan the Knight...

You died in The Dungeons of Doom on dungeon level 3 with 392 points,
and 0 pieces of gold, after 1182 moves.
You were level 3 with a maximum of 28 hit points when you died.

